AoeStats
← 76896859

Black Forest

503405665Analyzed
2v2 RM · 1mo ago on Aug 31, 2026· 41m 15s· 4 players
Game mode
Random Map
Map size
Medium (4 player)
Population
200
Speed
Normal
Resources
Standard
Victory
Conquest
Starting age
Dark Age
Ending age
Imperial Age
RankedLock teamsTeams togetherTeam positionsShared explorationLock speedFull tech treeHidden civsTurbo modeCheats
Victory
Defeat
🇨🇳 Britons · China
1002
+14
🇨🇴 Vietnamese · Colombia
972
+15
🇪🇸 Franks · Spain
967
-15
🇪🇸 Ethiopians · Spain
934
-14
Tutmosis
1:36 Loom
12:12 Feudal Age
17:29 Castle Age
15:56 Double-Bit Axe
15:57 Horse Collar
17:00 Gold Mining
18:11 Wheelbarrow
18:56 Bow Saw
24:46 Hand Cart
26:13 Scale Mail Armor
27:17 Chain Mail Armor
36:13 Murder Holes
76896859
2:02 Loom
16:10 Feudal Age
22:46 Castle Age
21:08 Horse Collar
21:16 Double-Bit Axe
21:41 Stone Mining
21:44 Gold Mining
24:10 Wheelbarrow
25:02 Gold Shaft Mining
25:32 Hand Cart
25:47 Heavy Plow
26:26 Bow Saw
28:19 Fletching
28:30 Padded Archer Armor
29:04 Town Watch
30:15 Bodkin Arrow
30:37 Leather Archer Armor
37:04 Imperial Age
35:06 Caravan
35:29 Forging
35:28 Fishing Lines
36:55 Yeomen
38:42 Guilds
38:02 Elite Longbowman
39:05 Conscription
38:15 Pikeman
38:56 Squires
40:46 Two-Man Saw
39:48 Bracer
40:19 Ring Archer Armor
Macklemore
3:29 Loom
11:34 Feudal Age
12:23 Double-Bit Axe
17:07 Castle Age
15:26 Fishing Lines
16:07 Horse Collar
17:29 Stone Mining
17:34 Gold Mining
18:05 Heavy Plow
19:52 Bow Saw
27:49 Wheelbarrow
31:22 Hand Cart
31:33 Squires
30:53 Man-at-Arms
33:30 Long Swordsman
34:31 Forging
34:12 Fletching
35:01 Gillnets
37:44 Imperial Age
36:50 Scale Mail Armor
36:51 Padded Archer Armor
36:57 Scale Barding Armor
37:36 Gold Shaft Mining
37:37 Stone Shaft Mining
38:19 Iron Casting
37:40 Bodkin Arrow
38:34 Chain Mail Armor
38:35 Leather Archer Armor
40:08 Conscription
bediarguez
0:48 Loom
15:10 Feudal Age
15:52 Fishing Lines
16:43 Double-Bit Axe
19:52 Wheelbarrow
23:23 Man-at-Arms
29:26 Castle Age
28:42 Gold Mining
28:48 Stone Mining
29:58 Long Swordsman
31:06 Gambesons
31:24 Squires
31:10 Gambesons
31:11 Arson
32:08 Fletching
33:34 Bodkin Arrow
36:48 Bow Saw
37:20 Gold Shaft Mining
38:03 Hand Cart
39:03 Forging
40:03 Caravan
Connection lost

Rejoining the realm…

Still unreachable

The connection could not be restored.

Session expired

The server has moved on; the page needs a fresh start.